 BcadrenCrawl: Boulder Brew version 0.04.2-1-gb5f9d521f8 (webtiles) character file.

Game seed: 10805260025423903864, levelgen mode: deterministic

11645 diana the Warrior (level 11, -10/127 HPs) Pearl Draconian Demigod. Began on Apr 23, 2021. Mangled by a two-headed ogre ... wielding a +0 giant club (20 damage) ... on level 6 of the Dungeon. The game lasted 00:17:40 (7165 turns).

diana the Warrior (Pearl Draconian Demigod)         Turns: 7165, Time: 00:17:41

Health: -10/127    AC: 13    Str: 21    XL:     11 ^: 9345
Magic:  0/14       EV: 13    Int: 15    God:
Gold:   307        SH:  0    Dex: 15    Spells: 11/12 levels left

rFire    . . .     Vision   .   w - +4 scimitar (freeze)
rCold    . . .     Gourm    .   (no weapon)
rNeg     + + +     Faith    .   (armour unavailable)
rPois    +         Spirit   +   (helmet restricted)
rElec    .         Reflect  .   (no cloak)
rCorr    .         Harm     .   (no gloves)
MR       .....                  o - +0 pair of boots
Stlth    ++........             x - amulet of guardian spirit
HPRegen  0.52/turn              s - ring of poison resistance
MPRegen  0.24/turn              (no ring)

@: about to teleport
A: no body armour, unfitting armour, high mp 1, cold-blooded, boosted crossbows
aptitude, charms, summoning and earth enhancers 1, AC++, rN+++, AC +12
a: Breathe Blessed Flames


You were on level 6 of the Dungeon.
You were hungry.

You visited 2 branches of the dungeon, and saw 7 of its levels.

You collected 307 gold pieces.

Inventory:

Weapons
 t - a +3 great sword of freezing
 u - a +3 great sword
 w - a +4 scimitar of freezing (weapon)
 C - a +0 scimitar
Armour
 o - a +0 pair of boots (worn)
Jewellery
 s - a ring of poison resistance (left hand)
 x - an amulet of guardian spirit (around neck)
Wands
 g - a wand of ensnaring (2)
 p - a wand of random effects (13)
 y - a wand of disintegration (1)
 A - a wand of acid (2)
 B - a wand of enslavement (2)
Scrolls
 a - 2 scrolls of magic mapping
 b - 4 scrolls of teleportation
 e - a scroll of summoning
 f - 5 scrolls of fog
 i - a scroll of enchantment
 n - 2 scrolls of amnesia
Potions
 d - 3 potions of curing
 h - 3 potions of haste
 j - a potion of berserk rage
 k - a potion of agility
 l - a potion of heal wounds
 m - 2 potions of might
 v - a potion of ambrosia
 z - a potion of magic
Comestibles
 c - 14 rations


   Skills:
 + Level 16.6 Fighting
 * Level 6.7 Long Blades
 - Level 2.4 Dodging
 - Level 1.3 Stealth
 - Level 1.3 Spellcasting
 - Level 1.5 Fire Magic


You had 11 spell levels left.
You knew the following spells:

 Your Spells              Type           Power        Failure   Level  Hunger
a - Flame Tongue          Fire           5 (30)       13%         1    ##.....

Your spell library contained the following spells:

 Spells                   Type           Power        Failure   Level  Hunger
 Blink                    Tloc           N/A          34%         2    ###....
 Call Imp                 Summ           1 (100)      34%         2    ###....
 Slow                     Hex            1 (100)      34%         2    ###....
 Conjure Flame            Fire           5 (100)      36%         3    ####...
 Mephitic Cloud           Pois/Air       1 (100)      56%         3    ####...


Dungeon Overview and Level Annotations

Branches:
Dungeon (6/8)              Temple (1/1) D:4            Lair (0/6) D:5
    Orc (0/2) D:6

Annotations:
D:6 Circe


Innate Abilities, Weirdness & Mutations

You cannot fit into any form of body armour.
Your opalescent pearl scales are resilient. (AC +12)
You can breathe bursts of cleansing flame.
You have an increased reservoir of magic. (+10% MP)
You are cold-blooded and may be slowed by cold attacks.
You are naturally skilled at Crossbows (Aptitude +3).
You are in touch with the powers of charms, summonings and the earth.
Your opalescent pearl scales boost your defenses and vastly increase your resistance to negative energy. (AC++, rN+++)


Message History

You are too injured to fight recklessly!
You are too injured to fight recklessly!
You are too injured to fight recklessly!
You are too injured to fight recklessly!
You slash the two-headed ogre (14)! You freeze the two-headed ogre (4).
You kill the two-headed ogre!
The two-headed ogre hits you with a +0 giant club (20)!!
The two-headed ogre hits you with a +0 giant club (19)!!
* * * LOW HITPOINT WARNING * * *
Okay, then.
You feel much better. The two-headed ogre misses you (0).
The two-headed ogre hits you with a +0 giant club (24)!!
* * * LOW HITPOINT WARNING * * *
Unknown command.
As you read the scroll of teleportation, it crumbles to dust.
You feel strangely unstable.
The two-headed ogre hits you with a +0 giant club (24)!!
* * * LOW HITPOINT WARNING * * *
The two-headed ogre hits you with a +0 giant club (21)!!
You die...

..............#...#
#...# #.#
..................#
#...# #.#
...###..##...##..# #...#
#.# .. #..##...##..#
#...####.# .
#..##.$.##..###.<......#
#..##...##.............#
#..##...##........###..#
. #......Z##........#
#..# ..
#.......##@#####..# #..#
... #..###..##O# #..#
#..# ....###..# #..##Z#
#..# #..# .........#
#.....# #..# #).#
###......#
#.##..#####..# #†.#
#.###..#
#.##.........###<†# #
#).# #.##............††#
#..# #.##..............#
#.)# #.##...####.......#


You could see a two-headed ogre and a bullfrog skeleton.

Vanquished Creatures
  Snorg (D:6)
  2 two-headed ogres
  A deep elf mage (D:6)
  A troll (D:4)
  A hornet (D:4)
  A hippogriff (D:5)
  A cyclops (D:6)
  4 wyverns
  6 yaks (D:5)
  3 hogs (D:6)
  A slime creature (D:6)
  6 wargs
  3 soldier ants
  4 orc warriors
  Duvessa (D:2)
  A phantom (D:6)
  A scorpion (D:4)
  2 eyes of draining
  A sky beast (D:5)
  3 ice beasts (D:6)
  10 ogres
  A crocodile (D:6)
  3 big kobolds
  6 bullfrogs
  Dowan (D:2)
  5 centaurs
  A howler monkey (D:3)
  A quasit (D:6)
  18 wights
  5 killer bees (D:4)
  6 orc priests
  3 hounds
  6 jellies
  A gnoll shaman (D:2)
  5 worker ants
  Crazy Yiuf (D:3)
  Natasha (thrice) (D:2)
  2 iguanas
  6 orc wizards
  A wyvern skeleton (D:6)
  7 giant cockroaches
  4 bullfrog skeletons
  8 adders
  8 gnolls
  19 sewer rats (D:2)
  7 cinder newts
  2 worms
  2 hound skeletons
  2 oozes
  2 dart slugs (D:1)
  5 leopard geckos
  30 orcs
  An adder zombie (D:5)
  8 bats
  4 hobgoblins (D:1)
  7 jackals
  A quokka (D:5)
  3 ball pythons
  4 goblins (D:1)
  A goblin skeleton (D:2)
  17 kobolds
  3 leopard gecko skeletons
  A quokka zombie (D:5)
  6 rats (D:1)
  A rat skeleton (D:2)
  5 withered plants (D:2)
287 creatures vanquished.

Vanquished Creatures (others)
  A jelly (D:2)
  A sewer rat (D:2)
  A leopard gecko (D:2)
  135 withered plants (D:2)
138 creatures vanquished.

Grand Total: 425 creatures vanquished

Notes
Turn   | Place    | Note
-------+----------+-------------------------------------------
     0 | D:1      | diana the Immature Draconian Demigod began the quest for
                  | the Orb.
     0 | D:1      | Reached XP level 1. HP: 18/18 MP: 3/3
    24 | D:1      | Reached skill level 2 in Fighting
    28 | D:1      | Reached XP level 2. HP: 24/27 MP: 4/4
    29 | D:1      | Reached skill level 3 in Fighting
   243 | D:1      | Reached XP level 3. HP: 36/36 MP: 5/5
   334 | D:1      | Reached skill level 4 in Fighting
   686 | D:2      | Noticed Natasha
   688 | D:2      | Reached XP level 4. HP: 45/45 MP: 6/6
   691 | D:2      | Reached skill level 5 in Fighting
   715 | D:2      | Killed Natasha
   715 | D:2      | Reached XP level 5. HP: 22/55 MP: 7/7
   884 | D:2      | Reached skill level 6 in Fighting
   885 | D:2      | Noticed Natasha
   908 | D:2      | Killed Natasha
  1053 | D:2      | Noticed Dowan
  1054 | D:2      | Noticed Duvessa
  1288 | D:2      | Reached skill level 7 in Fighting
  1288 | D:2      | Reached XP level 6. HP: 59/66 MP: 8/8
  1495 | D:2      | Killed Duvessa
  1505 | D:2      | Killed Dowan
  1505 | D:2      | Reached skill level 8 in Fighting
  1882 | D:2      | Noticed Natasha
  1895 | D:2      | Killed Natasha
  1937 | D:2      | Found a shadowy altar of Dithmenos.
  1979 | D:2      | Your scales start taking on an opalescent pearl colour.
  1979 | D:2      | Reached XP level 7. HP: 55/75 MP: 9/9
  1979 | D:2      | Gained mutation: Your opalescent pearl scales boost your
                  | defenses and vastly increase your resistance to negative
                  | energy. (AC++, rN+++) [Pearl Draconian growth]
  1979 | D:2      | Gained mutation: You are in touch with the powers of
                  | charms, summonings and the earth. [Pearl Draconian growth]
  2042 | D:2      | Reached skill level 9 in Fighting
  3114 | D:2      | Reached skill level 10 in Fighting
  3353 | D:3      | Found a runed translucent door.
  3362 | D:3      | Noticed Crazy Yiuf
  3493 | D:3      | Reached XP level 8. HP: 61/88 MP: 11/11
  3793 | D:3      | Killed Crazy Yiuf
  3944 | D:4      | Reached skill level 11 in Fighting
  4133 | D:4      | Reached skill level 12 in Fighting
  4142 | D:4      | Found a staircase to the Ecumenical Temple.
  4396 | Temple   | Entered the Ecumenical Temple
  4714 | D:4      | Reached skill level 13 in Fighting
  4714 | D:4      | Reached XP level 9. HP: 24/102 MP: 12/12
  5089 | D:5      | Entered Level 5 of the Dungeon
  5131 | D:4      | Reached skill level 14 in Fighting
  5396 | D:5      | Found a staircase to the Lair.
  5426 | D:5      | Reached skill level 15 in Fighting
  5635 | D:5      | Gained mutation: You are naturally skilled at Crossbows
                  | (Aptitude +3). [draconic bloodline]
  5635 | D:5      | Reached XP level 10. HP: 51/116 MP: 13/13
  6169 | D:5      | Noticed a two-headed ogre
  6175 | D:5      | Killed a two-headed ogre
  6332 | D:5      | Reached skill level 16 in Fighting
  6353 | D:5      | Found a glowing silver altar of Zin.
  6438 | D:5      | Found a bloodstained altar of Trog.
  6751 | D:6      | Reached skill level 5 in Long Blades
  6802 | D:6      | Identified the cursed +5 quarterstaff of Abomination
                  | {crush, MP+9 Dex+3, (Curse: rC- MR-)}
  6820 | D:6      | Found a staircase to the Orcish Mines.
  6822 | D:6      | Noticed Snorg
  6822 | D:6      | Noticed a deep elf mage
  6836 | D:6      | Killed Snorg
  6836 | D:6      | Reached XP level 11. HP: 82/126 MP: 10/14
  7004 | D:6      | Noticed Circe
  7144 | D:6      | Noticed a two-headed ogre
  7165 | D:6      | Mangled by a two-headed ogre

Levels and vault maps discovered:
D:1:      dpeg_arrival_chambers_temple_mockup, layout_loops_ring
D:2:      layout_sewer, nicolae_dithmenos_the_darkroom, first_ration,
          uniq_duvessa, uniq_natasha
D:3:      layout_cave_pools, uniq_crazy_yiuf_cottage
D:4:      layout_twisted_cavern, minmay_temple_entry_ruins,
          hangedman_pestilent_swarm
D:5:      layout_basic, zin_academy, marbit_many_paths,
          erik_lair_orcish_takeover
D:6:      layout_long_grid, minmay_orc_entry_guard_dogs, uniq_urug, uniq_circe,
          uniq_snorg
Temple:   eino_temple_lava

Skill      XL: |  1  2  3  4  5  6  7  8  9 10 11 |
---------------+----------------------------------+-----
Fighting       | 2 3 4 5 7 8 10 13 15 16 | 16.6
Long Blades    | 5 6 |  6.7
Dodging        | |  2.4
Stealth        | |  1.3
Spellcasting   | |  1.3
Fire Magic     | |  1.5

Action                   |  1- 3 |  4- 6 |  7- 9 | 10-12 || total
-------------------------+-------+-------+-------+-------++-------
Melee: Long sword        |    52 |    94 |   245 |    40 ||   431
       Unarmed           |    25 |    66 |   160 |    96 ||   347
       Tailslap          |     3 |    15 |    44 |    30 ||    92
       Scimitar          |       |       |       |   124 ||   124
 Abil: Breathe Blessed F |       |       |     3 |     1 ||     4
  Use: Scroll            |       |       |     1 |     2 ||     3
       Potion            |       |       |       |     1 ||     1
 Stab: Sleeping          |     6 |     1 |     5 |     1 ||    13
  Eat: Ration            |       |     1 |     2 |       ||     3
       Chunk             |       |       |     7 |     6 ||    13
Armor: Skin              |    17 |    34 |   169 |    63 ||   283
Dodge: Dodged            |    38 |    77 |   220 |   119 ||   454
       Rpst.: Long sword |    11 |    22 |    63 |     8 ||   104
       Scimitar          |       |       |       |    19 ||    19
